 Dungeon Crawl Stone Soup version 0.28.0-53-g5a82cb258f (webtiles) character file.

Game seed: 10614474914900191943

74 safid the Chopper (level 4, -1/40 HPs)
             Began as a Hill Orc Fighter on Aug 12, 2022.
             Killed by nerve-wracking pain
             ... invoked by Grinder
              (4 damage)
             ... on level 3 of the Dungeon.
             The game lasted 00:02:17 (2408 turns).

safid the Chopper (Hill Orc Fighter)                Turns: 2408, Time: 00:02:18

Health: -1/40      AC:  7    Str: 20    XL:     4   Next: 30%
Magic:  4/4        EV:  9    Int:  8    God:
Gold:   25         SH:  4    Dex: 10    Spells: 3/3 levels left

rFire   . . .      SeeInvis .   a - +0 war axe
rCold   . . .      Faith    .   c - +0 buckler
rNeg    . . .      Spirit   .   b - +0 scale mail
rPois   .          Reflect  .   (no helmet)
rElec   .          Harm     .   (no cloak)
rCorr   .          Rampage  .   (no gloves)
Will    .....                   (no boots)
Stlth   ..........              (no amulet)
HPRegen 0.13/turn               (no ring)
MPRegen 0.09/turn               (no ring)

@: mighty
A: no striking features
a: no special abilities


You were on level 3 of the Dungeon.
You visited 1 branch of the dungeon, and saw 3 of its levels.

You collected 25 gold pieces.

Inventory:

Hand Weapons
 a - a +0 war axe (weapon)
Missiles
 i - 6 boomerangs (quivered)
 l - 2 poisoned darts
 p - a throwing net
Armour
 b - a +0 scale mail (worn)
 c - a +0 buckler (worn)
Jewellery
 o - an amulet of reflection
Scrolls
 e - 3 scrolls of identify {unknown}
 f - 2 scrolls of vulnerability {unknown}
 g - a scroll of noise {unknown}
 h - a scroll of fog {unknown}
 k - a scroll of magic mapping {unknown}
 n - 2 scrolls of fear {unknown}
 q - a scroll of torment {unknown}
 r - 3 scrolls of teleportation {unknown}
Potions
 j - 2 potions of curing {unknown}
 m - a potion of lignification {unknown}


   Skills:
 - Level 4.0 Fighting
 + Level 4.1 Axes
 - Level 4.0 Armour
 - Level 4.0 Shields


You had 3 spell levels left.
You didn't know any spells.
Your spell library contained the following spells:

 Spells                   Type           Power      Damage    Failure   Level
 Blink                    Tloc           0%         N/A       94%         2
 Lesser Beckoning         Tloc           0%         N/A       99%         3
 Manifold Assault         Tloc           0%         N/A       100%        5


Dungeon Overview and Level Annotations

Branches:
Dungeon (3/15)

Altars:
Vehumet

Annotations:
D:3 Grinder


Message History

Grinder hits you.
You writhe in agony.
* * * LOW HITPOINT WARNING * * *
You closely miss Grinder.
Grinder is severely wounded.
Grinder hits you.
* * * LOW HITPOINT WARNING * * *
You writhe in agony.
* * * LOW HITPOINT WARNING * * *
Grinder closely misses you.
You barely miss Grinder.
Grinder is severely wounded.
You block Grinder's attack.
Unknown command.
You barely miss Grinder.
Grinder is severely wounded.
Grinder barely misses you.
Unknown command.
You barely miss Grinder.
Grinder is severely wounded.
Grinder blinks!
Unknown command.
You closely miss Grinder.
Grinder is severely wounded.
Grinder hits you but does no damage. Grinder gestures at you.
You resist with significant effort.
Unknown command.
You barely miss Grinder.
Grinder is severely wounded.
Grinder hits you but does no damage.
Unknown command.
You closely miss Grinder.
Grinder is severely wounded.
You block Grinder's attack.
Unknown command.
You slash Grinder!
Grinder is almost dead.
Grinder gestures at you. Pain shoots through your body!
You die...

######
#####....#################
..>......@5...............
#.?...?...............###
#.......#######.......#
.........# #.......#
##.......# #####.......#
#.###+### #...........# #
#.+....##+#####
#.#....##.# #.(.......#


You could see Grinder.

Vanquished Creatures
  3 adders (D:3)
  A dart slug (D:2)
  5 endoplasms
  5 giant cockroaches
  4 goblins
  2 hobgoblins (D:3)
  2 quokkas (D:3)
  A ball python (D:1)
  10 bats
  3 frilled lizards
  6 kobolds
  3 rats
45 creatures vanquished.

Notes
Turn   | Place    | Note
-------+----------+-------------------------------------------
     0 | D:1      | safid the Hill Orc Fighter began the quest for the Orb.
     0 | D:1      | Reached XP level 1. HP: 19/19 MP: 1/1
   407 | D:1      | Reached XP level 2. HP: 27/27 MP: 2/2
  1103 | D:2      | Found a radiant altar of Vehumet.
  1108 | D:2      | Reached XP level 3. HP: 21/33 MP: 3/3
  2206 | D:3      | Reached XP level 4. HP: 40/40 MP: 4/4
  2288 | D:3      | Identified the +8 dagger of Honour {vorpal, Drain Fly rPois
                  | Will++}
  2383 | D:3      | Noticed Grinder
  2385 | D:3      | Paralysed by Grinder for 4 turns
  2399 | D:3      | HP: 2/40 [Grinder (4)]
  2408 | D:3      | Killed from afar by Grinder

Illustrated notes

Levels and vault maps discovered:
D:1:      wander_arrival_fairy_ring, layout_basic, minmay_misc_feat_columns,
          minmay_misc_feat_enclosed
D:2:      layout_basic, basic_altar
D:3:      layout_basic, uniq_grinder, uniq_crazy_yiuf_cottage

Skill      XL: |  1  2  3  4 |
---------------+-------------+-----
Axes           | 3 4 |  4.1
Fighting       | 4 |  4.0
Shields        | 4 |  4.0
Armour         | 4 |  4.0

Action                   |  1- 3 |  4- 6 || total
-------------------------+-------+-------++-------
Melee: War axe           |    97 |    25 ||   122
  Use: Potion            |       |     1 ||     1
Armor: Scale mail        |    55 |    11 ||    66
Dodge: Dodged            |    46 |    12 ||    58
Block: Buckler           |    30 |     6 ||    36
